 Dungeon Crawl Stone Soup version 0.23-b1-6-ga921848b48 (webtiles) character file.

Game seed: 800004733487286027

319 Flure the Sneak (level 6, -5/42 HPs)
             Began as an Octopode Assassin on Feb 2, 2019.
             Was an Initiate of Dithmenos.
             Slain by a phantom (9 damage)
             ... on level 4 of the Dungeon.
             The game lasted 00:06:22 (3027 turns).

Flure the Sneak (Octopode Assassin)                 Turns: 3027, Time: 00:06:22

Health: -5/42      AC:  1    Str: 10    XL:     6   Next: 45%
Magic:  6/6        EV: 14    Int: 13    God:    Dithmenos [......]
Gold:   270        SH:  0    Dex: 16    Spells: 5/5 levels left

rFire    . . .     SeeInvis .   a - +2 dagger
rCold    . . .     Gourm    .   (no shield)
rNeg     . . .     Faith    .   (helmet restricted)
rPois    .         Spirit   .   (no amulet)
rElec    .         Reflect  .   (no ring)
rCorr    .         Harm     .   (no ring)
MR       .....                  (no ring)
Stlth    ++++......             (no ring)
HPRegen  0.14/turn              (no ring)
MPRegen  0.10/turn              (no ring)
                                (no ring)
                                (no ring)

@: no status effects
A: almost no armour, stealthy swim, amphibious, 8 rings, constrict 8, camouflage
1, gelatinous body 1
a: Renounce Religion


You were on level 4 of the Dungeon.
You worshipped Dithmenos.
Dithmenos was noncommittal.
You were hungry.

You visited 2 branches of the dungeon, and saw 6 of its levels.

You collected 270 gold pieces.

Inventory:

Hand Weapons
 a - a +2 dagger (weapon)
 b - a +0 blowgun
Missiles
 c - 8 poisoned needles
 d - 2 curare-tipped needles
 j - 6 needles of confusion
 p - 15 stones (quivered)
Scrolls
 h - 6 scrolls of identify {unknown}
 k - a scroll of random uselessness {unknown}
 m - a scroll of blinking {unknown}
 q - a scroll of fear {unknown}
Potions
 g - a potion of mutation {unknown}
 i - a potion of heal wounds {unknown}
 l - a potion of berserk rage
 n - a potion of flight
Comestibles
 f - 4 rations


   Skills:
 * Level 3.6 Fighting
 + Level 3.0 Short Blades
 * Level 3.2 Throwing
 * Level 3.0 Dodging
 + Level 6.7 Stealth


You had 5 spell levels left.
You didn't know any spells.
Your spell library was empty.

Dungeon Overview and Level Annotations

Branches:
Dungeon (5/15)             Temple (1/1) D:4

Altars:
Cheibriados
Dithmenos
Elyvilon
Makhleb
Okawaru
Qazlal
Uskayaw
Wu Jian
The Shining One

Shops:
D:4 *

Annotations:
D:3 Natasha
D:4 Pikel


Innate Abilities, Weirdness & Mutations

You cannot wear most types of armour.
You are very stealthy in the water. (Stealth+)
You are amphibious.
You can wear up to eight rings at the same time.
You can use your tentacles to constrict eight enemies at once.
Your skin changes colour to match your surroundings (Stealth+).
Your rubbery body absorbs attacks. (AC +1, EV +1)


Message History

The stone hits the phantom but does no damage.
The phantom is severely damaged.
The phantom blinks!
Throwing (i - inventory)
p - 17 stones (quivered)
Press: ? - help, Shift-Dir - straight line, f/p - phantom
Aim: a phantom (severely damaged)
You throw a stone. The stone barely misses the phantom.
Throwing (i - inventory)
p - 16 stones (quivered)
Press: ? - help, Shift-Dir - straight line, f/p - phantom
Aim: a phantom (severely damaged)
You throw a stone. The stone closely misses the phantom.
You hit the phantom.
The phantom is severely damaged.
The phantom hits you.
* * * LOW HITPOINT WARNING * * *
It was a potion of cancellation.
Your magical effects are unravelling.
You feel magically purged.
You float gracefully downwards.
The phantom hits you!
You die...

...# +.+#.#...#.#.#.#.#.#.
..(.##.##.##.###.>.#'#.#.#
#...#.........#.........#.
#.......(...............#.
#...#..⌠...⌠..#.........##
#...#.........#...........
#........>...............#
...#...W.....#..........#
. #..⌠.@.⌠..#..........#
#.............######.#.#
#.#.........### ....#
#.##.##.##.## .....# #
.........# ......+
########### .# ..


You could see a phantom.

Vanquished Creatures
  A crimson imp (D:3)
  An orc priest (D:3)
  4 orc wizards
  A worker ant (D:4)
  5 adders
  2 dart slugs (D:1)
  2 leopard geckos (D:2)
  9 orcs
  2 ball pythons (D:2)
  3 bats (D:1)
  3 giant cockroaches
  13 goblins
  4 hobgoblins
  5 jackals (D:2)
  2 quokkas (D:2)
  2 frilled lizards
  11 kobolds
  5 rats
75 creatures vanquished.

Notes
Turn   | Place    | Note
-------+----------+-------------------------------------------
     0 | D:1      | Flure the Octopode Assassin began the quest for the Orb.
     0 | D:1      | Reached XP level 1. HP: 14/14 MP: 1/1
    41 | D:1      | Reached XP level 2. HP: 11/19 MP: 2/2
   230 | D:1      | Reached skill level 6 in Stealth
   435 | D:1      | Reached XP level 3. HP: 22/24 MP: 3/3
   812 | D:2      | You fall through a shaft!
   831 | D:4      | Reached XP level 4. HP: 30/30 MP: 4/4
   833 | D:4      | Noticed a slave
   834 | D:4      | Found Opiric's General Store.
   834 | D:4      | Noticed Pikel
   834 | D:4      | Noticed a slave
  1249 | D:2      | Found a hide-covered altar of Uskayaw.
  1334 | D:2      | Reached XP level 5. HP: 36/36 MP: 5/5
  1899 | D:3      | Reached XP level 6. HP: 31/42 MP: 6/6
  2484 | D:3      | Noticed Natasha
  2626 | D:4      | Noticed a phantom
  2700 | D:5      | Entered Level 5 of the Dungeon
  2854 | D:4      | Found a staircase to the Ecumenical Temple.
  2862 | Temple   | Entered the Ecumenical Temple
  2962 | Temple   | Became a worshipper of Dithmenos the Shadowed
  3027 | D:4      | Slain by a phantom

Skill      XL: |  1  2  3  4  5  6 |
---------------+-------------------+-----
Stealth        | 6 |  6.7
Dodging        | 2 3 |  3.0
Fighting       | 3 |  3.6
Throwing       | 3 |  3.2
Short Blades   | 3 |  3.0

Action                   |  1- 3 |  4- 6 || total
-------------------------+-------+-------++-------
Melee: Dagger            |    69 |   134 ||   203
       Constrict         |    21 |    20 ||    41
       Tentacles         |    12 |    24 ||    36
 Fire: Blowgun           |       |     1 ||     1
Throw: Stone             |       |     3 ||     3
       Tomahawk          |       |     1 ||     1
  Use: Potion            |       |     4 ||     4
 Stab: Sleeping          |     3 |    15 ||    18
       Distracted        |       |     2 ||     2
  Eat: Chunk             |       |     6 ||     6
Armor: Skin              |     6 |     4 ||    10
Dodge: Dodged            |    42 |    57 ||    99
